 Dungeon Crawl Stone Soup version 0.31-a0-1363-g282adc679d (webtiles) character file.

Game seed: 12632216394301098505

217 Bnni the Digger (level 6, -2/46 HPs)
             Began as a Formicid Earth Elementalist on Dec 23, 2023.
             Slain by an adder (3 damage)
             ... on level 3 of the Dungeon.
             The game lasted 00:04:53 (2817 turns).

Bnni the Digger (Formicid Earth Elementalist)       Turns: 2817, Time: 00:04:53

Health: -2/46      AC:  2    Str: 12    XL:     6   Next: 16%
Magic:  2/10       EV: 12    Int: 17    God:
Gold:   104        SH:  0    Dex: 14    Spells: 5/11 levels left

rFire   . . .        h - staff of alchemy
rCold   . . .        i - orb {*channel}
rNeg    + . .        a - +0 robe
rPois   +            (helmet unavailable)
rElec   .            (no cloak)
rCorr   .            (no gloves)
SInv    +            (no boots)
Will    .....        c - amulet of the acrobat
Stlth   ++           d - ring of positive energy
HPRegen 0.27/turn    (no ring)
MPRegen 0.12/turn

%: acrobat, channel magic (20%)
@: no status effects
A: permanent stasis, dig shafts and tunnels, antennae 3, four strong arms
a: Dig, Shaft Self


You were on level 3 of the Dungeon.
You visited 1 branch of the dungeon, and saw 3 of its levels.

You collected 104 gold pieces.

Inventory:

Hand Weapons
 g - a +0 short sword
Armour
 a - a +0 robe (worn)
 i - an orb of energy (worn)
 j - a +0 scale mail
Magical Staves
 h - a staff of alchemy (weapon)
Jewellery
 c - an amulet of the acrobat (around neck)
 d - a ring of positive energy (left hand)
Wands
 r - a wand of paralysis (9)
Scrolls
 m - 3 scrolls of butterflies {unknown}
 n - a scroll of vulnerability {unknown}
 q - a scroll of fear {unknown}
Potions
 b - a potion of magic
 e - a potion of enlightenment {unknown}
 f - 2 potions of mutation {unknown}
 k - 2 potions of heal wounds {unknown}
 l - 2 potions of haste {unknown}
 o - a potion of brilliance {unknown}
 p - a potion of invisibility {unknown}


   Skills:
 + Level 2.4 Fighting
 - Level 1.7 Dodging
 - Level 2.4 Stealth
 + Level 3.2 Spellcasting
 * Level 1.1 Conjurations
 * Level 5.6 Earth Magic
 - Level 2.0 Alchemy
 * Level 1.2 Evocations


You had 5 spell levels left.
You knew the following spells:

 Your Spells              Type           Power      Damage    Failure   Level
a - Sandblast             Erth           44%        2d11      7%          1
b - Passwall              Alch/Erth      19%        N/A       16%         2
c - Stone Arrow           Conj/Erth      28%        3d8       28%         3

Your spell library contained the following spells:

 Spells                   Type           Power      Damage    Failure   Level
 Petrify                  Alch/Erth      23%        N/A       56%         4
 Brom's Barrelling Bould  Conj/Erth      14%        2d4       61%         4


Dungeon Overview and Level Annotations

Branches:
Dungeon (3/15)

Altars:
Dithmenos
Fedhas
Trog
Uskayaw


Innate Abilities, Weirdness & Mutations

You cannot be hasted, slowed, berserked, paralysed or teleported.
You can dig through walls and to a lower floor.
You have a pair of large antennae on your head. (SInv)
Your four strong arms can wield two-handed weapons with a shield.


Message History

Your Evocations skill increases to level 1!
You have reached level 6!
Casting: Sandblast (safe; 7% risk of failure)
Confirm with . or Enter, or press ? or * to list all spells.
Aiming: Passwall (safe; 16% risk of failure)
Press: ? - help, Dir - move target A rock wall.
You feel a surge of power!
This rock feels extremely deep.
Magical energy flows into your mind! The adder bites you.
* * * LOW HITPOINT WARNING * * *
The adder barely misses you.
Unknown command.
Unknown command.
Casting: Passwall (safe; 16% risk of failure)
Confirm with . or Enter, or press ? or * to list all spells.
Aiming: Passwall (safe; 16% risk of failure)
Press: ? - help, Dir - move target A rock wall.
You feel a surge of power!
This rock feels extremely deep.
The adder closely misses you.
Unknown command.
The adder attacks as it pursues you! The adder completely misses you.
The adder attacks as it pursues you! The adder completely misses you.
The adder bites you but does no damage. The adder attacks as it pursues you!
The adder completely misses you. The adder attacks as it pursues you!
The adder misses you.
Casting: Passwall (safe; 16% risk of failure)
Confirm with . or Enter, or press ? or * to list all spells.
Aiming: Passwall (safe; 16% risk of failure)
Press: ? - help, Dir - move target A rock wall.
You feel a surge of power! The adder bites you.
You begin to meditate on the wall.
You continue meditating on the rock.
The adder closely misses you. The adder bites you.
* * * LOW HITPOINT WARNING * * *
You continue meditating on the rock.
The wight hits you with a +0 long sword!
* * * LOW HITPOINT WARNING * * *
The adder bites you.
You die...

#......# #......#
#### #......# ...
#......########.#
#...............#
#...............#
##...............#
#.......z........#
#....##@S........#
#....#########...#
.... #....# )..#
#... #....#####
..z# #..
##.......).. .....
.. #...######..
..z... # #.###
.?....# #
#.######## ..z...#
# #>.......# +###


You could see a wight and an adder.

Vanquished Creatures
  A wight (D:3)
  Jessica (D:3)
  6 adders
  4 gnolls (D:2)
  3 worms
  A dart slug (D:3)
  2 endoplasms (D:1)
  A giant cockroach (D:2)
  5 hobgoblins
  3 kobolds
  2 quokkas
  2 ball pythons
  5 bats
  4 frilled lizards
  2 goblins (D:2)
  3 rats
45 creatures vanquished.

Notes
Turn   | Place    | Note
-------+----------+-------------------------------------------
     0 | D:1      | Bnni the Formicid Earth Elementalist began the quest for
                  | the Orb.
     0 | D:1      | Reached XP level 1. HP: 13/13 MP: 3/3
   400 | D:1      | Reached XP level 2. HP: 19/19 MP: 3/5
   527 | D:1      | Reached skill level 4 in Earth Magic
  1230 | D:2      | Reached skill level 1 in Fighting
  1230 | D:2      | Reached XP level 3. HP: 20/26 MP: 2/6
  1330 | D:2      | Learned a level 2 spell: Passwall
  1334 | D:2      | Learned a level 3 spell: Stone Arrow
  1537 | D:2      | Reached XP level 4. HP: 30/32 MP: 4/8
  2079 | D:2      | Reached skill level 5 in Earth Magic
  2083 | D:2      | Reached XP level 5. HP: 26/38 MP: 2/9
  2376 | D:3      | Found a blossoming altar of Fedhas.
  2474 | D:3      | Found a shadowy altar of Dithmenos.
  2519 | D:3      | Noticed Jessica
  2520 | D:3      | Killed Jessica
  2585 | D:3      | Found a hide-covered altar of Uskayaw.
  2739 | D:3      | Found a bloodstained altar of Trog.
  2807 | D:3      | Reached skill level 1 in Conjurations
  2807 | D:3      | Reached skill level 1 in Evocations
  2807 | D:3      | Reached XP level 6. HP: 14/46 MP: 4/10
  2817 | D:3      | HP: 1/46 [wight/+0 long sword (12)]
  2817 | D:3      | Slain by an adder

Illustrated notes

Levels and vault maps discovered:
D:1:      beargit_arrival_diablo_church, layout_basic,
          nicolae_figureground_pulse
D:2:      layout_basic, minmay_misc_feat_enclosed, dreamdust_princess_corridor,
          palyth_stone_intersect, st_stairs_12
D:3:      layout_basic, mainiacjoe_overflow_alcove_4,
          mainiacjoe_overflow_six_doors_small,
          mainiacjoe_overflow_catwalk_spiral, nicolae_figureground_sparkle,
          uniq_jessica

Skill      XL: |  1  2  3  4  5 |
---------------+----------------+-----
Alchemy        | 2 |  2.0
Earth Magic    | 4 5 |  5.6
Fighting       | 1 2 |  2.4
Spellcasting   | 3 |  3.2
Conjurations   | 1 |  1.1
Evocations     | 1 |  1.2
Dodging        | |  1.7
Stealth        | |  2.4

Action                     |  1- 3 |  4- 6 || total
---------------------------+-------+-------++-------
  Melee: Unarmed           |     2 |       ||     2
         Staff             |       |    11 ||    11
   Cast: Sandblast         |    37 |    34 ||    71
         Passwall          |       |     3 ||     3
 Armour: Robe              |     8 |    20 ||    28
  Dodge: Dodged            |    18 |    17 ||    35

Table legend: (Time is in decaauts)
 A = Elapsed time spent in this place.
 B = Non-inter-level travel time spent in this place.
 C = Inter-level travel time spent in this place.
 D = Time resting spent in this place.
 E = Time spent auto-exploring this place.
 F = Levels seen in this place.
 G = Mean time per level.
                   A        B        C        D        E       F      G
               +--------+--------+--------+--------+--------+-----+--------+
         Total |   2852 |   2803 |     49 |     17 |   2449 |   3 |  950.7 |
       Dungeon |   2852 |   2803 |     49 |     17 |   2449 |   3 |  950.7 |
               +--------+--------+--------+--------+--------+-----+--------+

Top non-repeatable levels by time:
     D:1: 1183 daAuts
     D:2: 1129 daAuts
     D:3: 540 daAuts
